 Dungeon Crawl Stone Soup version 0.28.0 (webtiles) character file.

Game seed: 5152904039213812181

217 greynaab the Chopper (level 5, 0/42 HPs)
             Began as a Barachi Abyssal Knight on Feb 6, 2022.
             Was a Believer of Lugonu.
             Slain by an orc wizard (3 damage)
             ... on level 3 of the Dungeon.
             The game lasted 00:07:19 (2938 turns).

greynaab the Chopper (Barachi Abyssal Knight)       Turns: 2938, Time: 00:07:19

Health: 0/42       AC:  6    Str: 14      XL:     5   Next: 94%
Magic:  16/16      EV: 11    Int: 10 (12) God:    Lugonu [**....]
Gold:   110        SH:  0    Dex: 13      Spells: 1/4 levels left

rFire   . . .      SeeInvis .   g - +3 whip
rCold   . . .      Faith    .   (no shield)
rNeg    . . .      Spirit   .   b - +0 leather armour
rPois   .          Reflect  .   (no helmet)
rElec   .          Harm     .   (no cloak)
rCorr   .          Rampage  .   d - +0 pair of gloves
Will    .....                   (no boots)
Stlth   +.........              (no amulet)
HPRegen 0.14/turn               c - ring of magical power
MPRegen 0.15/turn               (no ring)

@: slow
A: amphibious, slowness 1, strong legs 1, +LOS, iridescent scales 1
a: Hop, Renounce Religion, Depart the Abyss, Bend Space


You were on level 3 of the Dungeon.
You worshipped Lugonu.
Lugonu was pleased with you.
You visited 1 branch of the dungeon, and saw 4 of its levels.
You visited the Abyss 1 time.

You collected 110 gold pieces.

Inventory:

Hand Weapons
 a - a +1 hand axe
 g - a +3 whip (weapon)
Missiles
 e - 47 sling bullets
 h - 27 stones
 k - 66 bolts
Armour
 b - a +0 leather armour (worn)
 d - a +0 pair of gloves (worn)
Jewellery
 c - a ring of magical power (left hand)
Scrolls
 f - 2 scrolls of identify
 i - a scroll of fog {unknown}
 j - a scroll of enchant armour


   Skills:
 - Level 4.0 Fighting
 - Level 4.4 Axes
 - Level 2.9 Armour
 - Level 1.8 Dodging
 * Level 0.2 Air Magic
 + Level 3.5 Invocations


You had one spell level left.
You knew the following spells:

 Your Spells              Type           Power      Damage    Failure   Level
a - Swiftness             Air            0%         N/A       78%         3

Your spell library contained the following spells:

 Spells                   Type           Power      Damage    Failure   Level
 Ensorcelled Hibernation  Hex/Ice        0%         N/A       56%         2
 Passwall                 Tmut/Erth      0%         N/A       56%         2
 Conjure Flame            Conj/Fire      0%         6-21      80%         3
 Ignite Poison            Fire/Tmut/Pois 0%         N/A       80%         3
 Sticky Flame             Conj/Fire      0%         2d3       99%         4


Dungeon Overview and Level Annotations

Branches:
Dungeon (4/15)
 Temple: D:4-7

Altars:
Elyvilon
Makhleb
Okawaru
Xom
Zin


Innate Abilities, Weirdness & Mutations

You are amphibious.
You cover ground slowly.
You can hop short distances.
You have an extended range of vision and can be seen from far away.
You are partially covered in iridescent scales. (AC +2)


Message History

The orc wizard hits you but does no damage.
You closely miss the orc wizard.
The orc wizard is moderately wounded.
The orc hits you from afar with a +0 trident.
The orc wizard hits you but does no damage.
You barely miss the orc wizard.
The orc wizard is moderately wounded.
The orc hits you from afar with a +0 trident.
The orc wizard closely misses you.
You completely miss the orc wizard.
The orc wizard is moderately wounded.
The orc closely misses you.
The orc wizard points at you and mumbles some strange words.
You are confused.
You hit the orc wizard.
The orc wizard is moderately wounded.
The orc closely misses you. The orc wizard casts a spell at you.
The magic dart hits you.
It was a potion of magic.
Magic courses through your body.
The orc hits you from afar with a +0 trident!
* * * LOW HITPOINT WARNING * * *
The orc wizard casts a spell.
The orc wizard flickers and vanishes!
Deactivating autopickup; reactivate with Ctrl-A.
Unknown command.
Okay, then.
You bump into the rock wall.
The orc hits you from afar with a +0 trident.
* * * LOW HITPOINT WARNING * * *
Something hits you.
* * * LOW HITPOINT WARNING * * *
You miss something. The orc closely misses you.
You hear some strange, mumbled words.
Something tries to affect you, but you resist.
Unknown command.
You hit something.
You feel less confused. The orc closely misses you. Something hits you.
You die...

.. #........#.#
#........#.#
#........#.##
#...$....#... ..
#......o.#..#
#.###
#........o#.##....
#.........#..#..#
#.........#@.#..#
#.........#){...#
#########.o.....#
#########.......#
#...............#
#......##)......#
#...............#
#......._.......#
#.....#####..#..#


You could see an orc.

Vanquished Creatures
  An ogre (D:4)
  A bullfrog skeleton (D:4)
  5 adders
  2 worms (D:2)
  A dart slug (D:1)
  2 orcs (D:3)
  8 ball pythons
  3 endoplasms (D:1)
  3 giant cockroaches
  4 goblins
  5 hobgoblins
  2 kobolds (D:1)
  3 bats (D:1)
  4 frilled lizards
  2 rats (D:1)
46 creatures vanquished.

Notes
Turn   | Place    | Note
-------+----------+-------------------------------------------
     0 | Abyss:1  | greynaab the Barachi Abyssal Knight began the quest for the
                  | Orb.
     0 | Abyss:1  | Reached XP level 1. HP: 18/18 MP: 2/2
    40 | D:1      | Escaped the Abyss
   179 | D:1      | Reached XP level 2. HP: 23/25 MP: 3/3
   741 | D:1      | Found a faded altar of an unknown god.
  1257 | D:1      | Reached XP level 3. HP: 28/30 MP: 4/4
  1400 | D:1      | Reached ** piety under Lugonu
  2019 | D:2      | You fall into a shaft and drop 2 floors!
  2028 | D:4      | Reached XP level 4. HP: 15/37 MP: 5/5
  2342 | D:4      | Noticed an ogre
  2350 | D:4      | Gained mutation: You are partially covered in iridescent
                  | scales. (AC +2) [potion of mutation]
  2359 | D:4      | Killed an ogre
  2360 | D:4      | Reached XP level 5. HP: 5/42 MP: 7/7
  2482 | D:3      | Noticed an angel
  2482 | D:3      | Found a glowing silver altar of Zin.
  2482 | D:3      | Found a shimmering altar of Xom.
  2695 | D:3      | Learned a level 3 spell: Swiftness
  2775 | D:3      | Found a burning altar of Makhleb.
  2800 | D:3      | Found an iron altar of Okawaru.
  2845 | D:3      | Found a white marble altar of Elyvilon.
  2938 | D:3      | Slain by an orc wizard

Illustrated notes

Levels and vault maps discovered:
D:1:      lightli_arrival_farm, layout_basic, nicolae_ecumenical_lake_church,
          minmay_misc_feat_tower, minmay_tall_x
D:2:      layout_loops_ring, hex_large
D:3:      layout_basic, grunt_temple_overflow_order_and_chaos_1,
          nicolae_overflow_quartered_altars, serial_shops,
          nicolae_shop_window_shopping, uniq_grinder
D:4:      layout_cave_pools, serial_shops, nicolae_shop_crystal,
          uniq_crazy_yiuf_cottage

Skill      XL: |  1  2  3  4 |
---------------+-------------+-----
Invocations    | 2 3 |  3.5
Fighting       | 4 |  4.0
Axes           | 3 4 |  4.4
Armour         | |  2.9
Dodging        | |  1.8
Air Magic      | |  0.2

Action                   |  1- 3 |  4- 6 || total
-------------------------+-------+-------++-------
Melee: Hand axe          |   102 |    17 ||   119
       Whip              |       |    45 ||    45
       Punch             |       |     1 ||     1
Invok: Bend Space        |       |     1 ||     1
  Use: Potion            |     1 |     4 ||     5
       Scroll            |       |     1 ||     1
Armor: Leather armour    |    19 |    13 ||    32
       Skin              |     6 |    16 ||    22
Dodge: Dodged            |    57 |    33 ||    90
